 Dungeon Crawl Stone Soup version 0.23.0 (webtiles) character file.

Game seed: 13591793448452263458

130 inmateoo the Insei (level 5, 0/40 HPs)
             Began as a Gnoll Transmuter on Feb 9, 2019.
             Splashed by a jelly's acid (6 damage)
             ... on level 3 of the Dungeon.
             The game lasted 00:04:37 (986 turns).

inmateoo the Insei (Gnoll Transmuter)                Turns: 986, Time: 00:04:38

Health: 0/40       AC: -6    Str: 13    XL:     5   Next: 14%
Magic:  9/12       EV: 23    Int: 16    God:
Gold:   93         SH:  0    Dex: 20    Spells: 4/14 levels left

rFire    . . .     SeeInvis .     - Unarmed
rCold    . . .     Gourm    .   (shield currently unavailable)
rNeg     . . .     Faith    .   (armour currently unavailable)
rPois    x         Spirit   .   (helmet currently unavailable)
rElec    .         Reflect  .   (cloak currently unavailable)
rCorr    .         Harm     .   (gloves currently unavailable)
MR       .....                  (boots currently unavailable)
Stlth    ++........             (no amulet)
HPRegen  0.13/turn              (no ring)
MPRegen  0.13/turn              (no ring)

@: spider-form, corroded
A: tiny, distributed training, strong nose
a: End Transformation


You were on level 3 of the Dungeon.
You were not hungry.
You were a venomous arachnid creature.
You visited 1 branch of the dungeon, and saw 3 of its levels.

You collected 93 gold pieces.

Inventory:

Hand Weapons
 k - a +0 shortbow
 l - a +0 trident of piercing (melded)
Missiles
 a - 43 arrows
 e - a tomahawk (quivered)
Armour
 b - a +0 robe (melded)
Wands
 m - a wand of polymorph (7)
Scrolls
 c - a scroll of fog {unknown}
 f - 4 scrolls of remove curse {unknown}
 g - a scroll of magic mapping {unknown}
 h - a scroll of fear {unknown}
 i - 3 scrolls of identify {unknown}
 j - a scroll of teleportation {unknown}
Comestibles
 d - 3 rations
 n - 2 chunks of flesh


   Skills:
 + Level 2.9 Fighting
 + Level 1.3 Short Blades
 + Level 1.3 Long Blades
 + Level 1.3 Axes
 + Level 1.3 Maces & Flails
 + Level 1.3 Polearms
 + Level 1.3 Staves
 + Level 1.3 Slings
 + Level 1.3 Bows
 + Level 1.3 Crossbows
 + Level 1.3 Throwing
 + Level 1.3 Armour
 + Level 4.7 Dodging
 + Level 1.3 Stealth
 + Level 1.3 Shields
 + Level 6.6 Unarmed Combat
 + Level 5.1 Spellcasting
 + Level 1.1 Conjurations
 + Level 1.1 Hexes
 + Level 1.1 Charms
 + Level 1.1 Summonings
 + Level 1.1 Necromancy
 + Level 1.1 Translocations
 + Level 3.9 Transmutations
 + Level 1.1 Fire Magic
 + Level 1.1 Ice Magic
 + Level 1.1 Air Magic
 + Level 1.1 Earth Magic
 + Level 1.1 Poison Magic
 + Level 1.5 Invocations
 + Level 1.3 Evocations


You had 4 spell levels left.
You knew the following spells:

 Your Spells              Type           Power        Failure   Level  Hunger
a - Beastly Appendage     Tmut           ###...       11%         1    None
b - Sticks to Snakes      Tmut           ###.....     14%         2    #......
c - Spider Form           Tmut/Pois      ##........   34%         3    ###....
d - Ice Form              Ice/Tmut       ##......     69%         4    ####...

Your spell library contained the following spells:

 Spells                   Type           Power        Failure   Level  Hunger
 Blade Hands              Tmut           ###.......   82%         5    ######.


Dungeon Overview and Level Annotations

Branches:
Dungeon (3/15)

Altars:
Elyvilon
Okawaru
Zin

Annotations:
D:1 Terence


Innate Abilities, Weirdness & Mutations

Your experience applies equally to all skills.
((You have very sharp teeth.))
Your uncanny sense of smell can sniff out nearby items.


Message History

The jelly is moderately wounded.
Unknown command.
You hit the jelly but do no damage. The acid corrodes you!
Your front legs burn!
The jelly is moderately wounded.
The jelly misses you.
Unknown command.
You hit the jelly.
Your front legs burn!
* * * LOW HITPOINT WARNING * * *
The jelly is heavily wounded.
The jelly misses you.
Unknown command.
You hit the jelly but do no damage. The acid corrodes you!
Your front legs burn!
* * * LOW HITPOINT WARNING * * *
The jelly is heavily wounded.
The jelly hits you.
* * * LOW HITPOINT WARNING * * *
You are splashed with acid.
You die...

... #####...#...#
... #..#.#...# ..
####.##)#...# #.#
#....##รท#...#
#..##.#####)#...#
#.)#.# #<#####
##.#.# #.# ##....#
#.# #.s.### #.#
#J#.## #(#
#.oo#... #.##
..^.#####.# #..##
###). #..#####..#
#..
#.###....###.###
....
#......#..)....##
....
######.......#..##
.... ######.......


You could see a jelly and 2 orcs.

Vanquished Creatures
  Jessica (D:2)
  3 adders (D:2)
  An ooze (D:3)
  2 worms (D:2)
  2 dart slugs
  A leopard gecko (D:1)
  10 orcs (D:3)
  A giant cockroach (D:2)
  4 goblins
  2 hobgoblins
  2 jackals (D:2)
  2 quokkas
  A ball python (D:2)
  6 bats
  3 frilled lizards (D:2)
  6 kobolds
  5 rats
52 creatures vanquished.

Vanquished Creatures (collateral kills)
  An adder (D:2)
  An orc (D:3)
2 creatures vanquished.

Grand Total: 54 creatures vanquished

Notes
Turn   | Place    | Note
-------+----------+-------------------------------------------
     0 | D:1      | inmateoo the Gnoll Transmuter began the quest for the Orb.
     0 | D:1      | Reached XP level 1. HP: 17/17 MP: 6/6
    59 | D:1      | Reached XP level 2. HP: 14/23 MP: 5/7
   233 | D:1      | Learned a level 2 spell: Sticks to Snakes
   272 | D:2      | Noticed Jessica
   279 | D:2      | Killed Jessica
   279 | D:2      | Reached skill level 5 in Spellcasting
   279 | D:2      | Reached skill level 1 in Invocations
   279 | D:2      | Reached XP level 3. HP: 13/28 MP: 6/9
   354 | D:2      | Noticed Terence
   407 | D:2      | Reached skill level 1 in Short Blades
   407 | D:2      | Reached skill level 1 in Long Blades
   407 | D:2      | Reached skill level 1 in Axes
   407 | D:2      | Reached skill level 1 in Maces & Flails
   407 | D:2      | Reached skill level 1 in Polearms
   407 | D:2      | Reached skill level 1 in Staves
   407 | D:2      | Reached skill level 1 in Slings
   407 | D:2      | Reached skill level 1 in Bows
   407 | D:2      | Reached skill level 1 in Crossbows
   407 | D:2      | Reached skill level 1 in Throwing
   407 | D:2      | Reached skill level 1 in Armour
   407 | D:2      | Reached skill level 1 in Stealth
   407 | D:2      | Reached skill level 1 in Shields
   407 | D:2      | Reached skill level 1 in Evocations
   490 | D:2      | Reached XP level 4. HP: 11/34 MP: 7/11
   631 | D:2      | Learned a level 3 spell: Spider Form
   636 | D:2      | Learned a level 4 spell: Ice Form
   656 | D:3      | Found a white marble altar of Elyvilon.
   672 | D:3      | Found an iron altar of Okawaru.
   672 | D:3      | Found a glowing silver altar of Zin.
   701 | D:3      | Reached skill level 1 in Conjurations
   701 | D:3      | Reached skill level 1 in Hexes
   701 | D:3      | Reached skill level 1 in Charms
   701 | D:3      | Reached skill level 1 in Summonings
   701 | D:3      | Reached skill level 1 in Necromancy
   701 | D:3      | Reached skill level 1 in Translocations
   701 | D:3      | Reached skill level 1 in Fire Magic
   701 | D:3      | Reached skill level 1 in Ice Magic
   701 | D:3      | Reached skill level 1 in Air Magic
   701 | D:3      | Reached skill level 1 in Earth Magic
   701 | D:3      | Reached skill level 1 in Poison Magic
   911 | D:3      | Reached XP level 5. HP: 31/40 MP: 12/12
   986 | D:3      | Splashed by a jelly's acid

Skill      XL: |  1  2  3  4 |
---------------+-------------+-----
Spellcasting   | 5 |  5.1
Invocations    | 1 |  1.5
Short Blades   | 1 |  1.3
Long Blades    | 1 |  1.3
Axes           | 1 |  1.3
Maces & Flails | 1 |  1.3
Polearms       | 1 |  1.3
Staves         | 1 |  1.3
Slings         | 1 |  1.3
Bows           | 1 |  1.3
Crossbows      | 1 |  1.3
Throwing       | 1 |  1.3
Armour         | 1 |  1.3
Stealth        | 1 |  1.3
Shields        | 1 |  1.3
Evocations     | 1 |  1.3
Conjurations   | 1 |  1.1
Hexes          | 1 |  1.1
Charms         | 1 |  1.1
Summonings     | 1 |  1.1
Necromancy     | 1 |  1.1
Translocations | 1 |  1.1
Fire Magic     | 1 |  1.1
Ice Magic      | 1 |  1.1
Air Magic      | 1 |  1.1
Earth Magic    | 1 |  1.1
Poison Magic   | 1 |  1.1
Fighting       | |  2.9
Dodging        | |  4.7
Unarmed Combat | |  6.6
Transmutations | |  3.9

Action                   |  1- 3 |  4- 6 || total
-------------------------+-------+-------++-------
Melee: Unarmed           |    65 |    74 ||   139
       Kick              |     7 |       ||     7
       Punch             |     2 |       ||     2
       Bite              |     2 |     5 ||     7
       Headbutt          |       |     2 ||     2
 Fire: Shortbow          |       |     5 ||     5
 Cast: Beastly Appendage |     5 |     4 ||     9
       Sticks to Snakes  |     3 |     4 ||     7
       Spider Form       |       |     4 ||     4
Evoke: Wand              |       |     2 ||     2
  Use: Potion            |       |     1 ||     1
 Stab: Sleeping          |     5 |     1 ||     6
  Eat: Chunk             |       |     1 ||     1
Armor: Robe              |    18 |     3 ||    21
Dodge: Dodged            |    43 |    50 ||    93
